 Dungeon Crawl Stone Soup version 0.20.0-15-g7f486f2 (console) character file.

631 removed the Slasher (level 7, -1/40 HPs)
             Began as a Deep Elf Fighter on June 11, 2017.
             Killed from afar by Blork the orc (6 damage)
             ... with a magic dart
             ... on level 5 of the Dungeon.
             The game lasted 00:07:35 (5435 turns).

removed the Slasher (Deep Elf Fighter)              Turns: 5435, Time: 00:07:36

Health: -1/40      AC:  6    Str: 13    XL:     7   Next: 24%
Magic:  9/9        EV:  6    Int: 13    God:
Gold:   150        SH:  8    Dex: 16    Spells: 6/6 levels left

rFire    . . .     SeeInvis .   a - +2 dagger (venom)
rCold    . . .     Gourm    .   c - +0 shield
rNeg     . . .     Faith    .   s - +0 scale mail
rPois    .         Spirit   .   (no helmet)
rElec    .         Reflect  .   (no cloak)
rCorr    .         Harm     .   (no gloves)
MR       .....     Clarity  +   (no boots)
Stlth    ..........             (no amulet)
Regen    0.2/turn               (no ring)
MPRegen  0.2/turn               (no ring)

@: no status effects
A: clarity
a: no special abilities


You were on level 5 of the Dungeon.
You were not hungry.

You visited 1 branch of the dungeon, and saw 5 of its levels.
You visited the Abyss 1 time.
You also visited: Sewer.

You collected 150 gold pieces.

Inventory:

Hand Weapons
 a - a +2 dagger of venom (weapon)
 b - a +0 long sword
 G - a +2 dagger of distortion
 H - a +1 dagger of venom
Missiles
 v - 3 throwing nets (quivered)
Armour
 c - a +0 shield (worn)
 o - a +2 large shield
 s - a +0 scale mail (worn)
 I - a +0 pair of boots
Magical Staves
 x - an uncursed staff of death {unknown}
Scrolls
 g - 4 scrolls of fear {unknown}
 i - 5 scrolls of teleportation
 m - 2 scrolls of remove curse {unknown}
 u - a scroll of fog {unknown}
 y - 2 scrolls of magic mapping {unknown}
 z - 2 scrolls of enchant armour {unknown}
 A - a scroll of recharging {unknown}
 E - 2 scrolls of noise {unknown}
 J - a scroll of enchant weapon {unknown}
 L - a scroll of identify
Potions
 d - a potion of might
 h - 8 potions of flight
 p - a potion of magic
 t - a potion of lignification
 w - a potion of ambrosia
 D - a potion of degeneration {unknown}
 F - 3 potions of mutation
Comestibles
 f - 3 bread rations
 j - 2 meat rations
 r - 3 fruits
 K - 6 chunks of flesh


   Skills:
 - Level 2.4 Fighting
 + Level 7.4 Long Blades
 - Level 2.4 Armour
 - Level 2.4 Shields


You had 6 spell levels left.
You didn't know any spells.

Dungeon Overview and Level Annotations

Branches:
Dungeon (5/15)
 Temple: D:4-7

Altars:
Ashenzari
Kikubaaqudgha
Xom
The Shining One

Annotations:
D:5 Blork the orc


Innate Abilities, Weirdness & Mutations

You possess an exceptional clarity of mind.


Message History

Blork the orc looks as sick as possible!
Blork the orc is lightly wounded.
Blork the orc zaps a wand.
The puff of flame hits you!
* * * LOW HITPOINT WARNING * * *
You block the worker ant's attack.
Blork the orc gestures at you while chanting.
The magic dart hits you!
* * * LOW HITPOINT WARNING * * *
Unknown command.
You hit Blork the orc but do no damage.
Blork the orc is lightly wounded.
You block the worker ant's attack.
Blork the orc begins to cast a cantrip, but forgets the words!
Unknown command.
You completely miss Blork the orc.
Blork the orc is moderately wounded.
Blork the orc screams, "I'll crush all your ribs!
One by one!"
Blork the orc casts a spell at you. The magic dart hits you!
You die...

....... #. .......
#.#. ....... #.#.#
.......###+#.#.#
.!............# #.
.............# #.#.
......a......+#.#.#
......o@.....#.#.#
#########'#+#.#.#
#.........# #.
#........#.# #.#.
#........+#.#.#.#.#
#........#.#.#.#.#.
#........+#.#.#.#.#
#........#.#.#.#.#.
#.........#.#.#.#.#


You could see Blork the orc and a worker ant.

Vanquished Creatures
  An ogre (D:4)
  A big kobold (Sewer)
  A crimson imp (D:5)
  A hound (D:5)
  2 orc priests (D:4)
  4 orc wizards
  A worker ant (D:4)
  12 adders
  An ooze (Sewer)
  2 adder skeletons
  4 worms
  A dart slug (D:1)
  A leopard gecko (D:2)
  9 orcs
  3 ball pythons
  6 bats
  8 giant cockroaches
  8 goblins
  3 hobgoblins
  3 jackals (D:5)
  10 kobolds
  3 quokkas
  4 frilled lizards
  A leopard gecko skeleton (D:4)
  8 rats
98 creatures vanquished.

Notes
Turn   | Place    | Note
-------+----------+-------------------------------------------
     0 | D:1      | removed the Deep Elf Fighter began the quest for the Orb.
     0 | D:1      | Reached XP level 1. HP: 13/13 MP: 3/3
    75 | D:1      | Reached skill level 2 in Long Blades
   224 | D:1      | Reached XP level 2. HP: 11/18 MP: 4/4
   768 | D:2      | Found a glowing golden altar of the Shining One.
   810 | D:2      | Reached skill level 3 in Long Blades
   810 | D:2      | Reached XP level 3. HP: 10/22 MP: 5/5
   823 | D:2      | Gained mutation: Your spells are a little easier to cast, but a little less powerful. [potion of mutation]
   823 | D:2      | Gained mutation: You evolve. [potion of mutation]
   918 | D:2      | HP: 1/22 [something (1)]
  1096 | D:2      | Gained mutation: You possess an exceptional clarity of mind. [evolution]
  1533 | D:2      | Reached XP level 4. HP: 21/27 MP: 6/6
  1687 | D:2      | Reached skill level 4 in Long Blades
  2065 | D:3      | Found a shattered altar of Ashenzari.
  2420 | D:3      | Lost mutation: Your spells are a little easier to cast, but a little less powerful. [evolution]
  2420 | D:3      | Lost mutation: You evolve. [end of evolution]
  2466 | D:3      | Found a glowing drain.
  2507 | Sewer    | Entered a sewer
  2562 | Sewer    | Noticed a big kobold
  2578 | Sewer    | Killed a big kobold
  2578 | Sewer    | Reached skill level 5 in Long Blades
  2578 | Sewer    | Reached XP level 5. HP: 27/31 MP: 7/7
  3410 | D:4      | Found an ancient bone altar of Kikubaaqudgha.
  3446 | D:4      | Noticed an ogre
  3451 | D:4      | Killed an ogre
  3451 | D:4      | Reached skill level 6 in Long Blades
  3451 | D:4      | Reached XP level 6. HP: 36/36 MP: 8/8
  3889 | D:4      | Found a shimmering altar of Xom.
  4291 | D:4      | Cast into level 1 of the Abyss (orc wizard)
  4291 | Abyss:1  | Found a corrupted altar of Lugonu.
  4325 | D:4      | Escaped the Abyss
  4619 | D:3      | Reached skill level 7 in Long Blades
  4619 | D:3      | Reached XP level 7. HP: 36/40 MP: 9/9
  4629 | D:4      | HP: 1/40 [orc priest/divine providence (16)]
  5225 | D:5      | Entered Level 5 of the Dungeon
  5424 | D:5      | Noticed Blork the orc
  5435 | D:5      | Killed from afar by Blork the orc

Skill      XL: |  1  2  3  4  5  6 |
---------------+-------------------+-----
Long Blades    | 2 3 5 6 7 |  7.4
Fighting       | |  2.4
Armour         | |  2.4
Shields        | |  2.4

Action                   |  1- 3 |  4- 6 |  7- 9 || total
-------------------------+-------+-------+-------++-------
Melee: Long sword        |    68 |     3 |       ||    71
       Dagger            |    31 |   212 |    86 ||   329
  Use: Potion            |     4 |     1 |     1 ||     6
       Scroll            |       |     5 |       ||     5
  Eat: Chunk             |     2 |     8 |     4 ||    14
       Fruit             |       |       |     1 ||     1
Armor: Scale mail        |    50 |    67 |    20 ||   137
Dodge: Dodged            |    21 |    30 |    10 ||    61
Block: Shield            |    47 |    77 |    30 ||   154
       Rpst.: Long sword |     4 |       |       ||     4
